 Dungeon Crawl Stone Soup version 0.29-a0-993-g4a18f31a58 (webtiles) character file.

Game seed: 12245939699688853679

1117 Pooter the Chopper (level 8, 0/70 HPs)
             Began as a Minotaur Monk on Aug 2, 2022.
             Was a Believer of Okawaru.
             Slain by an ice beast (11 damage)
             ... on level 6 of the Dungeon.
             The game lasted 00:32:03 (5760 turns).

Pooter the Chopper (Minotaur Monk)                  Turns: 5760, Time: 00:32:04

Health: 0/70       AC: 10    Str: 19    XL:     8   Next: 12%
Magic:  7/8        EV: 11    Int:  7    God:    Okawaru [**....]
Gold:   35         SH:  0    Dex: 12    Spells: 7/7 levels left

rFire   + . .      SeeInvis .   a - +0 war axe (spect)
rCold   . . .      Faith    .   (no shield)
rNeg    . . .      Spirit   .   C - +0 scale mail
rPois   .          Reflect  .   (helmet restricted)
rElec   .          Harm     .   (no cloak)
rCorr   .          Rampage  .   (no gloves)
Will    .....                   (no boots)
Stlth   +.........              (no amulet)
HPRegen 0.21/turn               F - ring of protection from fire
MPRegen 0.11/turn               I - +4 ring of protection

@: no status effects
A: horns 2, retaliatory headbutt
a: Renounce Religion, Heroism


You were on level 6 of the Dungeon.
You worshipped Okawaru.
Okawaru was pleased with you.
You visited 2 branches of the dungeon, and saw 7 of its levels.
You also visited: Ossuary.

You collected 275 gold pieces.
You spent 240 gold pieces at shops.

Inventory:

Hand Weapons
 a - a +0 spectral war axe (weapon)
   (You bought it in a shop on level 2 of the Dungeon)
 b - a +0 sling
   (You bought it in a shop on level 1 of the Dungeon)
 B - a +0 morningstar
   (You took it off an orc on level 5 of the Dungeon)
 J - a +3 flail
   (You took it off a wight on level 6 of the Dungeon)
Missiles
 l - 3 boomerangs
 r - 2 atropa-tipped darts
 D - 10 curare-tipped darts
 E - 4 poisoned darts
 Q - 44 stones (quivered)
Armour
 C - a +0 scale mail (worn)
   (You took it off an orc on level 5 of the Dungeon)
Jewellery
 j - a ring of fire
   (You found it on level 2 of the Dungeon)
 y - a ring of protection from fire
   (You found it on level 5 of the Dungeon)
 F - a ring of protection from fire (left hand)
   (You found it in an ossuary)
 I - a +4 ring of protection (right hand)
   (You bought it in a shop on level 2 of the Dungeon)
Wands
 o - a wand of polymorph (7)
   (You took it off Ijyb on level 3 of the Dungeon)
 s - a wand of light (7)
   (You found it on level 3 of the Dungeon)
 G - a wand of mindburst (5)
   (You found it on level 4 of the Dungeon)
Scrolls
 h - 3 scrolls of butterflies {unknown}
 k - a scroll of poison {!r}
 m - 2 scrolls of fear
 p - 2 scrolls of immolation {unknown}
 t - 6 scrolls of teleportation {@r4}
 v - 2 scrolls of amnesia {unknown}
 w - 2 scrolls of enchant weapon {unknown}
 A - a scroll of blinking {unknown}
Potions
 c - a potion of ambrosia
 d - 3 potions of mutation {unknown}
 e - 3 potions of might {unknown}
 f - 3 potions of curing {unknown}
 g - a potion of attraction {unknown}
 i - 3 potions of brilliance {unknown}
 n - 4 potions of flight {unknown}
 q - 4 potions of heal wounds {unknown}
 u - 4 potions of lignification {unknown}
 x - 2 potions of cancellation {unknown}
 z - 2 potions of resistance {unknown}
 H - a potion of haste {unknown}


   Skills:
 + Level 5.7 Fighting
 * Level 7.4 Axes
 * Level 5.4 Ranged Weapons
 - Level 3.8 Dodging
 - Level 2.2 Stealth
 + Level 1.5 Invocations
 + Level 2.7 Evocations


You had 7 spell levels left.
You didn't know any spells.
Your spell library contained the following spells:

 Spells                   Type           Power      Damage    Failure   Level
 Necrotise                Necr           0%         1d4       83%         1
 Ensorcelled Hibernation  Hex/Ice        0%         N/A       92%         2
 Spider Form              Tmut/Pois      0%         N/A       99%         3
 Vampiric Draining        Necr           0%         2d6       99%         3
 Airstrike                Air            0%         2d(0-16)  100%        4
 Anguish                  Hex/Necr       0%         N/A       100%        4
 Agony                    Necr           0%         N/A       100%        5
 Lightning Bolt           Conj/Air       0%         1d11      100%        5
 Summon Lightning Spire   Summ/Air       Unusable   N/A       N/A         4

Dungeon Overview and Level Annotations

Branches:
Dungeon (6/15)             Temple (1/1) D:4         Ossuary (visited)

Altars:
Ashenzari
Cheibriados
Elyvilon
Fedhas
Gozag
Hepliaklqana
Kikubaaqudgha
Makhleb
Nemelex Xobeh
Okawaru
Qazlal
Sif Muna
Trog
Vehumet
Wu Jian
Xom
Zin

Shops:
D:1 ([[   D:2 ((**[   D:4 :   D:5 [


Innate Abilities, Weirdness & Mutations

You have a pair of horns on your head.
You reflexively headbutt those who attack you in melee.


Message History

Your +0 spectral war axe hits the wight!
You destroy the wight!
Okawaru accepts your kill.
Your +0 spectral war axe hits the wight!
Your +0 spectral war axe hits the wight.
The wight hits you from afar with a +3 halberd.
* * * LOW HITPOINT WARNING * * *
The wight barely misses you.
A wight comes into view. It is wielding a +0 long sword.
Found 12 gold pieces.
The wight closely misses you. The wight barely misses you.
You slash the wight!
You destroy the wight!
Okawaru accepts your kill.
The wight hits you from afar with a +3 halberd.
* * * LOW HITPOINT WARNING * * *
You feel drained.
You have reached level 8!
You feel stronger.
Okay, then.
As you read the scroll of teleportation {@r4}, it crumbles to dust.
You feel strangely unstable.
The wight hits you from afar with a +3 halberd.
* * * LOW HITPOINT WARNING * * *
You feel drained. The wight closely misses you. The wight closely misses you.
You furiously retaliate!
You headbutt the wight.
Things that are here:
a +1 mace; a +0 robe You hit the wight but do no damage.
Your headbutt misses the wight.
Your +0 spectral war axe hits the wight.
The wight barely misses you.
You slash the wight!
You destroy the wight!
Okawaru accepts your kill.
You slash the wight!
Your +0 spectral war axe hits the wight!!
You destroy the wight!
Okawaru accepts your kill.
Your surroundings suddenly seem different.
An ice beast comes into view.
Found a stone staircase leading down.
Your life force feels restored.
You hit the ice beast.
You headbutt the ice beast, but do no damage.
Your +0 spectral war axe barely misses the ice beast.
The ice beast barely misses you. The ice beast hits you.
* * * LOW HITPOINT WARNING * * *
The ice beast freezes you!
You die...

. .. ...
... ####
.. ##>..
##.#..###
#..(@...#
#...Y...#
#.......#
#########


You could see an ice beast and a friendly +0 spectral war axe (summoned).

Vanquished Creatures
  A wraith (Ossuary)
  Eustachio (D:4)
  A black bear (D:5)
  A phantom (D:4)
  7 wights (D:6)
  A hound (D:5)
  An orc priest (D:5)
  An iguana (D:5)
  Ijyb (D:3)
  3 mummies (Ossuary)
  6 adders
  A white imp (D:6)
  An ufetubus (D:4)
  2 worms
  2 dart slugs (D:2)
  4 orcs (D:5)
  3 bats
  8 endoplasms
  A giant cockroach (D:3)
  7 goblins
  6 hobgoblins
  9 jackals
  2 kobolds
  4 quokkas
  5 ball pythons
  4 frilled lizards
  5 goblin zombies (Ossuary)
  4 hobgoblin zombies (Ossuary)
  3 kobold zombies (Ossuary)
  An orc zombie (Ossuary)
  6 rats
102 creatures vanquished.

Notes
Turn   | Place    | Note
-------+----------+-------------------------------------------
     0 | D:1      | Pooter the Minotaur Monk began the quest for the Orb.
     0 | D:1      | Reached XP level 1. HP: 19/19 MP: 0/0
   459 | D:1      | Reached XP level 2. HP: 17/27 MP: 1/1
   460 | D:1      | Reached skill level 4 in Axes
   466 | D:1      | Found Epneaw's Antique Armour Emporium.
   655 | D:1      | Found Zuofeu Huup's Armour Boutique.
   778 | D:1      | Found Soestoid's Weapon Shop.
   850 | D:1      | Found a faded altar of an unknown god.
   977 | D:1      | Bought a +0 sling for 19 gold pieces
  1069 | D:1      | Reached XP level 3. HP: 33/33 MP: 2/2
  1300 | D:2      | Found Pesafas's Weapon Shop.
  1527 | D:2      | Found Liejetix's Weapon Emporium.
  1548 | D:2      | Bought a +0 war axe for 38 gold pieces
  1596 | D:2      | Found Gutucog's Assorted Antiques.
  1610 | D:2      | Reached skill level 1 in Ranged Weapons
  1890 | D:2      | Reached XP level 4. HP: 37/40 MP: 3/3
  1940 | D:2      | Found Ajeytic's Assorted Antiques.
  1949 | D:2      | Bought a scroll labelled FINGATZUUM for 22 gold pieces
  2010 | D:2      | Found Lerywkaog's Antique Armour Emporium.
  2441 | D:3      | Noticed Ijyb
  2445 | D:3      | Killed Ijyb
  2904 | D:3      | Found a snail-covered altar of Cheibriados.
  2904 | D:3      | Found a hazy altar of Hepliaklqana.
  2905 | D:3      | Found an ornate altar of the Wu Jian Council.
  3023 | D:3      | You fall into a shaft and drop 3 floors!
  3046 | D:6      | Found a sand-covered staircase.
  3084 | Ossuary  | Entered an ossuary
  3084 | Ossuary  | Noticed a wraith
  3084 | Ossuary  | Noticed a wraith
  3084 | Ossuary  | Noticed a wraith
  3146 | Ossuary  | Reached skill level 5 in Axes
  3146 | Ossuary  | Reached XP level 5. HP: 47/47 MP: 4/4
  3272 | Ossuary  | Noticed a wraith
  3282 | Ossuary  | Killed a wraith
  3283 | Ossuary  | Reached skill level 1 in Evocations
  3283 | Ossuary  | Reached XP level 6. HP: 33/53 MP: 5/5
  3726 | D:5      | Entered Level 5 of the Dungeon
  3813 | D:5      | Found Umostrosh's Armour Boutique.
  3886 | D:5      | Reached skill level 6 in Axes
  4062 | D:4      | Noticed Eustachio
  4069 | D:4      | Killed Eustachio
  4070 | D:4      | Reached skill level 5 in Fighting
  4070 | D:4      | Reached XP level 7. HP: 57/61 MP: 6/6
  4113 | D:4      | Found Ypetifo's Book Shoppe.
  4139 | D:4      | Found a shimmering altar of Xom.
  4190 | D:4      | Found a bloodstained altar of Trog.
  4461 | D:4      | Found a staircase to the Ecumenical Temple.
  4480 | Temple   | Entered the Ecumenical Temple
  4586 | Temple   | Became a worshipper of Warmaster Okawaru
  4586 | Temple   | Reached * piety under Okawaru
  4586 | Temple   | Reached ** piety under Okawaru
  4981 | D:2      | Bought a runed copper ring for 110 gold pieces
  5011 | D:2      | Bought a bubbling blue potion for 17 gold pieces
  5011 | D:2      | Bought a metallic silvery potion for 17 gold pieces
  5284 | D:2      | Bought a yellow potion for 17 gold pieces
  5722 | D:6      | Reached skill level 7 in Axes
  5750 | D:6      | Reached skill level 5 in Ranged Weapons
  5750 | D:6      | Reached skill level 1 in Invocations
  5755 | D:6      | Reached XP level 8. HP: 15/68 MP: 7/7
  5760 | D:6      | Slain by an ice beast

Illustrated notes

Levels and vault maps discovered:
D:1:      arrival_zaba_pyramid, layout_rooms, basic_ecumenical_altar,
          serial_shops, nicolae_shop_bloodbath_and_beyond,
          nicolae_shop_temple_entry_statues_fountains, shop
D:2:      layout_basic, serial_shops, shop, nicolae_shop_hallway_stairs, shop,
          nicolae_shop_overgrown_old_shop, shop, minmay_misc_feat_pillars
D:3:      layout_basic, gammafunk_temple_overflow_claw, reono_crystal_passage,
          uniq_jessica, uniq_ijyb
D:4:      layout_gridville, mainiacjoe_overflow_six_doors_small,
          lightli_temple_of_fire, minmay_temple_entry_waves, serial_shops,
          nicolae_diamond_shop, corexii_mini_fake_secret_closet, dk_vineyard_1,
          uniq_eustachio
D:5:      layout_basic, serial_shops, nicolae_shop_hallway_stairs
D:6:      layout_rooms, nicolae_ossuary_entry_false_entrances
Temple:   nicolae_temple_slightly_damp_pantheon

Skill      XL: |  1  2  3  4  5  6  7 |
---------------+----------------------+-----
Axes           | 4 5 6 7 |  7.4
Stealth        | 2 |  2.2
Fighting       | 4 5 |  5.7
Ranged Weapons | 1 2 3 4 5 |  5.4
Evocations     | 1 2 |  2.7
Invocations    | 1 |  1.5
Dodging        | |  3.8

Action                   |  1- 3 |  4- 6 |  7- 9 || total
-------------------------+-------+-------+-------++-------
Melee: Hand axe          |    53 |       |       ||    53
       Headbutt          |     9 |     9 |     8 ||    26
       Punch             |     1 |       |       ||     1
       War axe           |    14 |    51 |    36 ||   101
 Fire: Sling             |    35 |    64 |    15 ||   114
Throw: Dart              |       |     1 |       ||     1
       Stone             |       |     3 |       ||     3
  Use: Scroll            |       |     6 |     1 ||     7
 Stab: Sleeping          |     1 |       |       ||     1
       Distracted        |       |     1 |       ||     1
Armor: Robe              |    11 |     2 |       ||    13
       Scale mail        |       |     2 |    15 ||    17
Dodge: Dodged            |    67 |    28 |    23 ||   118

Table legend: (Time is in decaauts)
 A = Elapsed time spent in this place.
 B = Non-inter-level travel time spent in this place.
 C = Inter-level travel time spent in this place.
 D = Time resting spent in this place.
 E = Time spent auto-exploring this place.
 F = Levels seen in this place.
 G = Mean time per level.
                   A        B        C        D        E       F      G
               +--------+--------+--------+--------+--------+-----+--------+
         Total |   5813 |   5431 |    382 |   1192 |   3026 |   8 |  726.6 |
       Dungeon |   5096 |   4727 |    369 |   1077 |   2607 |   6 |  849.3 |
        Temple |    120 |    107 |     13 |      0 |     87 |   1 |  120.0 |
       Ossuary |    595 |    595 |      0 |    114 |    332 |   1 |  595.0 |
               +--------+--------+--------+--------+--------+-----+--------+

Top non-repeatable levels by time:
     D:1: 1259 daAuts
     D:2: 1219 daAuts
     D:5: 894 daAuts
     D:4: 802 daAuts
     D:3: 750 daAuts
 Ossuary: 595 daAuts
     D:6: 168 daAuts
  Temple: 120 daAuts
